Connexion

SAN JOSE Sharks vs EDMONTON Oilers (R1)

Created - 11 septembre 2023 at 07:31

Goals
1 2 3 OT1 T
SAN JOSE Sharks 2 0 1 1 4
EDMONTON Oilers 1 0 2 0 3
Shots
1 2 3 OT1 T
SAN JOSE Sharks 11 5 10 3 29
EDMONTON Oilers 12 8 13 1 34

GoalsPenalties
1st period
1. SAN JOSE Sharks , Derek Stepan 7 (Ondrej Palat 9, Zemgus Girgensons 11) at 14:26
2. SAN JOSE Sharks , Lucas Raymond 4 (Cody Ceci 3, Connor Brown 4) at 17:43
3. EDMONTON Oilers , Nico Hischier 3 (Mitch Marner 4, Oliver Ekman-Larsson 9) at 19:06 (PP)
Oliver Ekman-Larsson (EDM) for High sticking (Minor) at 0:14
Vincent Desharnais (S.J) for Slashing (Minor) at 10:19
Ondrej Palat (S.J) for Roughing (Minor) at 15:19
Nathan Beaulieu (S.J) for Roughing (Minor) at 18:48
Tom Wilson (S.J) for Hooking (Minor) at 19:33
2nd period
No Goal
Vincent Desharnais (S.J) for Interference (Minor) at 6:26
Nathan Beaulieu (S.J) for Roughing (Minor) at 10:49
3rd period
4. EDMONTON Oilers , Nikolaj Ehlers 4 (Ryan O'Reilly 12) at 12:48 (SH)
5. SAN JOSE Sharks , Ondrej Palat 10 (Zemgus Girgensons 12) at 16:57
6. EDMONTON Oilers , Alexander Romanov 1 (Mackenzie Entwistle 5, Oliver Ekman-Larsson 10) at 19:16
Vincent Desharnais (S.J) for Roughing (Minor) at 4:26
Tom Wilson (S.J) for Goalie Interference (Minor) at 6:52
Roman Josi (EDM) for Hooking (Minor) at 12:00
Nikolaj Ehlers (EDM) for Tripping (Minor) at 15:22
Marcus Pettersson (S.J) for Hooking (Minor) at 16:49
Overtime #1
7. SAN JOSE Sharks , Cody Ceci 1 (Sean Couturier 8, Erik Haula 3) at 4:19
No Penalty
Goalie Stats
Brian Elliott (S.J), 31 saves from 34 shots - (0,912), W, 2-2-0, 64:20 minutes
Juuse Saros (EDM), 25 saves from 29 shots - (0,862), OTL, 8-4-2, 64:04 minutes
3 StarsOfficial
1 - Cody Ceci (S.J)
2 - Ondrej Palat (S.J)
3 - Lucas Raymond (S.J)
Referees : Justin StPierre and Stephane Auger
Linesman : David Brisebois and Tony Sericolo
Game Note
No Game Note
Finance
Level 1 -- Attendance: 6000 (100,00%) -- Ticket Income 720 000 $
Level 2 -- Attendance: 3839 (100,00%) -- Ticket Income 391 578 $
Level 3 -- Attendance: 2000 (100,00%) -- Ticket Income 102 000 $
Level 4 -- Attendance: 3044 (76,10%) -- Ticket Income 121 760 $
Luxury Box -- Attendance: 1000 (100,00%) -- Ticket Income 240 000 $
Game was played at the Rexall Place.
Total Attendance: 15883 (94,32%)
Total Ticket Income: 1 575 338 $
Other Income: 315 068 $
Total Income: 1 890 406 $



Team Name Goals Shots Shots Attemp Shots Blocked PIM HIT PP PK FO%
SAN JOSE Sharks 429641018320 / 3 (0%)155%
EDMONTON Oilers 3346676241 / 9 (11%)045%

SAN JOSE Sharks
Player Name POS G A P +/- PIM HIT SHT SB MP PP MP PP SHT PK MP PK SHT FO% FOT
Brendan PerliniLW/RW000000208:200:0100:3500% 0
Christian JarosD0000000021:002:1406:5200% 0
Cody CeciD1123002014:580:0000:1800% 0
Connor BrownRW011100308:550:0100:0000% 2
Derek StepanC/LW/RW1011005020:153:1624:40029% 7
Erik HaulaC/LW0112022010:530:0000:00050% 8
Josh AndersonRW000003108:340:0003:110100% 1
Lucas RaymondLW101103208:550:0100:0000% 0
Marcus PetterssonD000-1202225:313:1007:4300% 0
Michael McLeodC000001005:230:0000:00075% 4
Mike HoffmanC/LW000-2010215:282:0800:000100% 2
Nathan BeaulieuD0000420421:042:1405:5600% 0
Ondrej PalatLW1122245025:313:1609:25250% 2
Rasmus RistolainenD0000080228:303:1108:3800% 0
Sean Couturier C011-1001016:122:0810:00056% 18
Tom WilsonRW000-2422017:142:0803:190100% 1
Vincent DesharnaisD0001650013:110:0001:4900% 0
Zemgus GirgensonsC/LW/RW0222012026:473:16010:06056% 52
EDMONTON Oilers
Player Name POS G A P +/- PIM HIT SHT SB MP PP MP PP SHT PK MP PK SHT FO% FOT
Alexander RomanovD1011011016:590:0002:0700% 0
Anthony CirelliC000-2011010:420:0000:00025% 4
Arthur KaliyevRW000-100008:130:0000:0000% 0
Casey CizikasC000101006:520:0000:00050% 4
Clayton KellerC/LW/RW000-1024023:557:3222:06050% 2
Dylan StromeC000-1020014:020:0000:45020% 5
Jack QuinnRW000-1012016:067:5320:000100% 1
Jonas SiegenthalerD0000011214:040:0002:0210% 0
Mackenzie EntwistleRW011100007:050:1300:0000% 0
Mitch MarnerRW011-2012020:517:5320:0000% 0
Nico HischierC101-1002021:327:5321:13060% 40
Nikolaj EhlersLW1011238021:237:4532:4530% 0
Oliver Ekman-LarssonD0220231226:107:2711:2300% 0
Rasmus SandinD0000013017:387:2730:0000% 0
Roman Josi D000-2235224:048:1152:0000% 0
Ryan O'ReillyC/LW0110023025:097:4524:01034% 41
Tony DeAngeloD000-2020125:238:1103:1800% 0
Yegor SharangovichC/LW000100106:520:0000:0000% 0



Play-by-Play

1st period


0:01 of 1st period - Zemgus Girgensons wins face-off versus Ryan O'Reilly in neutral zone.
0:08 of 1st period - Shot by Derek Stepan.
0:08 of 1st period - Stopped by Juuse Saros without a rebound.
0:09 of 1st period - Sean Couturier wins face-off versus Nico Hischier in EDMONTON Oilers zone.
0:09 of 1st period - Sean Couturier is hit by Oliver Ekman-Larsson.
0:14 of 1st period - Minor Penalty to Oliver Ekman-Larsson for High sticking.
0:15 of 1st period - Zemgus Girgensons wins face-off versus Ryan O'Reilly in EDMONTON Oilers zone.
0:18 of 1st period - Shot by Marcus Pettersson.
0:18 of 1st period - Shot Blocked by Tony DeAngelo.
1:08 of 1st period - Tony DeAngelo is hit by Ondrej Palat.
3:05 of 1st period - Lucas Raymond is hit by Dylan Strome.
4:26 of 1st period - Mackenzie Entwistle is hit by Rasmus Ristolainen and loses puck.
4:40 of 1st period - Michael McLeod is hit by Roman Josi and loses puck.
5:16 of 1st period - Shot by Zemgus Girgensons.
5:16 of 1st period - Stopped by Juuse Saros with a rebound.
5:18 of 1st period - Shot by Zemgus Girgensons.
5:18 of 1st period - Shot Misses the Net.
5:28 of 1st period - Shot by Ondrej Palat.
5:28 of 1st period - Stopped by Juuse Saros without a rebound.
5:29 of 1st period - Ryan O'Reilly wins face-off versus Sean Couturier in EDMONTON Oilers zone.
5:34 of 1st period - Shot by Nikolaj Ehlers.
5:34 of 1st period - Shot Misses the Net.
5:36 of 1st period - Shot by Nikolaj Ehlers.
5:36 of 1st period - Shot Misses the Net.
5:42 of 1st period - Shot by Nikolaj Ehlers.
5:42 of 1st period - Shot Misses the Net.
5:44 of 1st period - Shot by Nikolaj Ehlers.
5:44 of 1st period - Stopped by Brian Elliott with a rebound.
5:46 of 1st period - Shot by Nikolaj Ehlers.
5:46 of 1st period - Shot Misses the Net.
5:48 of 1st period - Shot by Ryan O'Reilly.
5:48 of 1st period - Stopped by Brian Elliott without a rebound.
5:49 of 1st period - Jack Quinn wins face-off versus Zemgus Girgensons in SAN JOSE Sharks zone.
5:52 of 1st period - Shot by Anthony Cirelli.
5:52 of 1st period - Stopped by Brian Elliott without a rebound.
5:53 of 1st period - Nico Hischier wins face-off versus Zemgus Girgensons in SAN JOSE Sharks zone.
6:09 of 1st period - Clayton Keller is hit by Vincent Desharnais and loses puck.
7:33 of 1st period - Sean Couturier is hit by Nikolaj Ehlers and loses puck.
7:56 of 1st period - Shot by Arthur Kaliyev.
7:56 of 1st period - Shot Misses the Net.
8:09 of 1st period - Jack Quinn is hit by Nathan Beaulieu and loses puck.
8:39 of 1st period - Off-side.
8:40 of 1st period - Michael McLeod wins face-off versus Nico Hischier in neutral zone.
8:48 of 1st period - Nico Hischier is hit by Josh Anderson and loses puck.
9:01 of 1st period - Shot by Josh Anderson.
9:01 of 1st period - Stopped by Juuse Saros with a rebound.
10:18 of 1st period - Ryan O'Reilly is hit by Vincent Desharnais and loses puck.
10:19 of 1st period - Minor Penalty to Vincent Desharnais for Slashing.
10:20 of 1st period - Nico Hischier wins face-off versus Zemgus Girgensons in SAN JOSE Sharks zone.
10:23 of 1st period - Shot by Nico Hischier.
10:23 of 1st period - Shot Misses the Net.
10:25 of 1st period - Shot by Roman Josi .
10:25 of 1st period - Stopped by Brian Elliott without a rebound.
10:26 of 1st period - Ondrej Palat wins face-off versus Nico Hischier in SAN JOSE Sharks zone.
10:59 of 1st period - Shot by Oliver Ekman-Larsson.
10:59 of 1st period - Stopped by Brian Elliott without a rebound.
11:00 of 1st period - Derek Stepan wins face-off versus Ryan O'Reilly in SAN JOSE Sharks zone.
11:18 of 1st period - Icing by Roman Josi .
11:19 of 1st period - Zemgus Girgensons wins face-off versus Ryan O'Reilly in EDMONTON Oilers zone.
11:22 of 1st period - Shot by Ondrej Palat.
11:22 of 1st period - Stopped by Juuse Saros without a rebound.
11:23 of 1st period - Clayton Keller wins face-off versus Zemgus Girgensons in EDMONTON Oilers zone.
12:23 of 1st period - Oliver Ekman-Larsson is hit by Lucas Raymond and loses puck.
12:34 of 1st period - Alexander Romanov is hit by Erik Haula and loses puck.
12:41 of 1st period - Shot by Erik Haula.
12:41 of 1st period - Shot Misses the Net.
12:43 of 1st period - Shot by Connor Brown.
12:43 of 1st period - Shot Misses the Net.
12:45 of 1st period - Shot by Connor Brown.
12:45 of 1st period - Stopped by Juuse Saros without a rebound.
12:46 of 1st period - Anthony Cirelli wins face-off versus Sean Couturier in EDMONTON Oilers zone.
12:46 of 1st period - Anthony Cirelli is hit by Mike Hoffman.
12:55 of 1st period - Anthony Cirelli is hit by Rasmus Ristolainen and loses puck.
12:59 of 1st period - Icing by Marcus Pettersson.
13:00 of 1st period - Nico Hischier wins face-off versus Sean Couturier in SAN JOSE Sharks zone.
13:03 of 1st period - Shot by Mitch Marner.
13:03 of 1st period - Deflect By Nico Hischier.
13:03 of 1st period - Shot Misses the Net.
13:14 of 1st period - Mitch Marner is hit by Rasmus Ristolainen and loses puck.
13:25 of 1st period - Shot by Alexander Romanov.
13:25 of 1st period - Shot Blocked by Rasmus Ristolainen.
13:30 of 1st period - Icing by Rasmus Ristolainen.
13:31 of 1st period - Sean Couturier wins face-off versus Ryan O'Reilly in SAN JOSE Sharks zone.
13:36 of 1st period - Shot by Sean Couturier .
13:36 of 1st period - Deflect By Mike Hoffman.
13:36 of 1st period - Shot Misses the Net.
13:38 of 1st period - Shot by Tom Wilson.
13:38 of 1st period - Shot Misses the Net.
13:40 of 1st period - Shot by Mike Hoffman.
13:40 of 1st period - Deflect By Sean Couturier .
13:40 of 1st period - Shot Misses the Net.
13:44 of 1st period - Shot by Sean Couturier .
13:44 of 1st period - Shot Misses the Net.
13:46 of 1st period - Shot by Tom Wilson.
13:46 of 1st period - Shot Blocked by Roman Josi .
13:48 of 1st period - Shot by Marcus Pettersson.
13:48 of 1st period - Stopped by Juuse Saros without a rebound.
13:49 of 1st period - Zemgus Girgensons wins face-off versus Anthony Cirelli in EDMONTON Oilers zone.
14:20 of 1st period - Icing by Nathan Beaulieu.
14:21 of 1st period - Zemgus Girgensons wins face-off versus Nico Hischier in SAN JOSE Sharks zone.
14:26 of 1st period - Shot by Derek Stepan.
14:26 of 1st period - Goal by Derek Stepan - SAN JOSE Sharks : 1 - EDMONTON Oilers : 0.
14:27 of 1st period - Nico Hischier wins face-off versus Sean Couturier in neutral zone.
14:36 of 1st period - Shot by Mike Hoffman.
14:36 of 1st period - Deflect By Sean Couturier .
14:36 of 1st period - Shot Misses the Net.
14:38 of 1st period - Shot by Tom Wilson.
14:38 of 1st period - Stopped by Juuse Saros with a rebound.
14:40 of 1st period - Shot by Marcus Pettersson.
14:40 of 1st period - Stopped by Juuse Saros with a rebound.
14:42 of 1st period - Shot by Tom Wilson.
14:42 of 1st period - Shot Misses the Net.
14:54 of 1st period - Shot by Tom Wilson.
14:54 of 1st period - Shot Misses the Net.
15:06 of 1st period - Shot by Sean Couturier .
15:06 of 1st period - Shot Misses the Net.
15:08 of 1st period - Shot by Tom Wilson.
15:08 of 1st period - Deflect By Mike Hoffman.
15:08 of 1st period - Shot Misses the Net.
15:12 of 1st period - Shot by Tom Wilson.
15:12 of 1st period - Shot Misses the Net.
15:19 of 1st period - Minor Penalty to Ondrej Palat for Roughing.
15:20 of 1st period - Zemgus Girgensons wins face-off versus Ryan O'Reilly in SAN JOSE Sharks zone.
15:33 of 1st period - Shot by Ryan O'Reilly.
15:33 of 1st period - Stopped by Brian Elliott with a rebound.
15:45 of 1st period - Shot by Clayton Keller.
15:45 of 1st period - Shot Blocked by Nathan Beaulieu.
15:47 of 1st period - Shot by Ryan O'Reilly.
15:47 of 1st period - Stopped by Brian Elliott without a rebound.
15:48 of 1st period - Nico Hischier wins face-off versus Zemgus Girgensons in SAN JOSE Sharks zone.
16:09 of 1st period - Mitch Marner is hit by Josh Anderson.
16:13 of 1st period - Shot by Oliver Ekman-Larsson.
16:13 of 1st period - Shot Misses the Net.
16:15 of 1st period - Shot by Jack Quinn.
16:15 of 1st period - Stopped by Brian Elliott without a rebound.
16:16 of 1st period - Zemgus Girgensons wins face-off versus Ryan O'Reilly in SAN JOSE Sharks zone.
16:16 of 1st period - Zemgus Girgensons is hit by Clayton Keller.
16:38 of 1st period - Shot by Nikolaj Ehlers.
16:38 of 1st period - Shot Misses the Net.
17:16 of 1st period - Shot by Jack Quinn.
17:16 of 1st period - Stopped by Brian Elliott without a rebound.
17:17 of 1st period - Nico Hischier wins face-off versus Zemgus Girgensons in SAN JOSE Sharks zone.
17:18 of 1st period - Shot by Rasmus Sandin.
17:18 of 1st period - Stopped by Brian Elliott without a rebound.
17:19 of 1st period - Erik Haula wins face-off versus Anthony Cirelli in SAN JOSE Sharks zone.
17:19 of 1st period - Erik Haula is hit by Jack Quinn.
17:39 of 1st period - Shot by Connor Brown.
17:39 of 1st period - Shot Blocked by Oliver Ekman-Larsson.
17:41 of 1st period - Shot by Cody Ceci.
17:41 of 1st period - Shot Blocked by Oliver Ekman-Larsson.
17:43 of 1st period - Shot by Lucas Raymond.
17:43 of 1st period - Goal by Lucas Raymond - SAN JOSE Sharks : 2 - EDMONTON Oilers : 0.
17:44 of 1st period - Ryan O'Reilly wins face-off versus Zemgus Girgensons in neutral zone.
17:52 of 1st period - Ryan O'Reilly is hit by Rasmus Ristolainen and loses puck.
18:48 of 1st period - Minor Penalty to Nathan Beaulieu for Roughing.
18:49 of 1st period - Josh Anderson wins face-off versus Nico Hischier in SAN JOSE Sharks zone.
19:06 of 1st period - Shot by Nico Hischier.
19:06 of 1st period - Goal by Nico Hischier - SAN JOSE Sharks : 2 - EDMONTON Oilers : 1.
19:07 of 1st period - Tom Wilson wins face-off versus Casey Cizikas in neutral zone.
19:33 of 1st period - Minor Penalty to Tom Wilson for Hooking.
19:34 of 1st period - Nico Hischier wins face-off versus Zemgus Girgensons in SAN JOSE Sharks zone.
19:53 of 1st period - Shot by Nico Hischier.
19:53 of 1st period - Stopped by Brian Elliott without a rebound.
19:54 of 1st period - Ryan O'Reilly wins face-off versus Zemgus Girgensons in SAN JOSE Sharks zone.
Goals for this period are 2 for SAN JOSE Sharks vs 1 for EDMONTON Oilers .
Shots for this period are 11 for SAN JOSE Sharks vs 12 for EDMONTON Oilers .

2nd period


0:01 of 2nd period - Zemgus Girgensons wins face-off versus Nico Hischier in neutral zone.
0:13 of 2nd period - Shot by Oliver Ekman-Larsson.
0:13 of 2nd period - Deflect By Nico Hischier.
0:13 of 2nd period - Shot Blocked by Nathan Beaulieu.
1:26 of 2nd period - Shot by Roman Josi .
1:26 of 2nd period - Stopped by Brian Elliott without a rebound.
1:27 of 2nd period - Derek Stepan wins face-off versus Nico Hischier in SAN JOSE Sharks zone.
1:37 of 2nd period - Oliver Ekman-Larsson is hit by Tom Wilson and loses puck.
1:56 of 2nd period - Shot by Tom Wilson.
1:56 of 2nd period - Stopped by Juuse Saros without a rebound.
1:57 of 2nd period - Ryan O'Reilly wins face-off versus Erik Haula in EDMONTON Oilers zone.
2:12 of 2nd period - Shot by Ryan O'Reilly.
2:12 of 2nd period - Deflect By Dylan Strome.
2:12 of 2nd period - Shot Misses the Net.
2:14 of 2nd period - Shot by Ryan O'Reilly.
2:14 of 2nd period - Shot Blocked by Marcus Pettersson.
2:16 of 2nd period - Shot by Nikolaj Ehlers.
2:16 of 2nd period - Stopped by Brian Elliott with a rebound.
2:18 of 2nd period - Shot by Nikolaj Ehlers.
2:18 of 2nd period - Shot Misses the Net.
2:41 of 2nd period - Nikolaj Ehlers is hit by Rasmus Ristolainen and loses puck.
2:51 of 2nd period - Off-side.
2:52 of 2nd period - Nico Hischier wins face-off versus Derek Stepan in neutral zone.
2:58 of 2nd period - Clayton Keller is hit by Nathan Beaulieu and loses puck.
4:07 of 2nd period - Vincent Desharnais is hit by Clayton Keller and loses puck.
4:41 of 2nd period - Oliver Ekman-Larsson is hit by Lucas Raymond and loses puck.
5:04 of 2nd period - Shot by Erik Haula.
5:04 of 2nd period - Shot Misses the Net.
5:06 of 2nd period - Shot by Rasmus Ristolainen.
5:06 of 2nd period - Shot Misses the Net.
5:08 of 2nd period - Shot by Connor Brown.
5:08 of 2nd period - Stopped by Juuse Saros without a rebound.
5:09 of 2nd period - Michael McLeod wins face-off versus Anthony Cirelli in EDMONTON Oilers zone.
5:15 of 2nd period - Brendan Perlini is hit by Tony DeAngelo and loses puck.
5:20 of 2nd period - Shot by Brendan Perlini.
5:20 of 2nd period - Shot Misses the Net.
5:24 of 2nd period - Shot by Brendan Perlini.
5:24 of 2nd period - Shot Blocked by Roman Josi .
5:43 of 2nd period - Shot by Brendan Perlini.
5:43 of 2nd period - Shot Misses the Net.
5:45 of 2nd period - Shot by Michael McLeod.
5:45 of 2nd period - Shot Misses the Net.
6:08 of 2nd period - Icing by Yegor Sharangovich.
6:09 of 2nd period - Mike Hoffman wins face-off versus Casey Cizikas in EDMONTON Oilers zone.
6:25 of 2nd period - Shot by Yegor Sharangovich.
6:25 of 2nd period - Shot Blocked by Mike Hoffman.
6:26 of 2nd period - Minor Penalty to Vincent Desharnais for Interference.
6:27 of 2nd period - Ryan O'Reilly wins face-off versus Zemgus Girgensons in SAN JOSE Sharks zone.
6:30 of 2nd period - Shot by Roman Josi .
6:30 of 2nd period - Shot Misses the Net.
6:32 of 2nd period - Shot by Ryan O'Reilly.
6:32 of 2nd period - Shot Misses the Net.
6:52 of 2nd period - Shot by Nikolaj Ehlers.
6:52 of 2nd period - Stopped by Brian Elliott without a rebound.
6:53 of 2nd period - Zemgus Girgensons wins face-off versus Nico Hischier in SAN JOSE Sharks zone.
7:26 of 2nd period - Shot by Mitch Marner.
7:26 of 2nd period - Stopped by Brian Elliott without a rebound.
7:27 of 2nd period - Ryan O'Reilly wins face-off versus Derek Stepan in SAN JOSE Sharks zone.
7:52 of 2nd period - Shot by Roman Josi .
7:52 of 2nd period - Stopped by Brian Elliott with a rebound.
8:08 of 2nd period - Shot by Roman Josi .
8:08 of 2nd period - Stopped by Brian Elliott without a rebound.
8:09 of 2nd period - Nico Hischier wins face-off versus Derek Stepan in SAN JOSE Sharks zone.
8:10 of 2nd period - Shot by Rasmus Sandin.
8:10 of 2nd period - Stopped by Brian Elliott with a rebound.
8:12 of 2nd period - Shot by Mitch Marner.
8:12 of 2nd period - Shot Blocked by Nathan Beaulieu.
8:14 of 2nd period - Shot by Mitch Marner.
8:14 of 2nd period - Stopped by Brian Elliott without a rebound.
8:15 of 2nd period - Nico Hischier wins face-off versus Derek Stepan in SAN JOSE Sharks zone.
8:41 of 2nd period - Mackenzie Entwistle is hit by Michael McLeod and loses puck.
9:21 of 2nd period - Shot by Ondrej Palat.
9:21 of 2nd period - Stopped by Juuse Saros without a rebound.
9:22 of 2nd period - Zemgus Girgensons wins face-off versus Clayton Keller in EDMONTON Oilers zone.
9:30 of 2nd period - Icing by Tony DeAngelo.
9:31 of 2nd period - Nico Hischier wins face-off versus Zemgus Girgensons in EDMONTON Oilers zone.
9:31 of 2nd period - Nico Hischier is hit by Ondrej Palat.
9:34 of 2nd period - Icing by Clayton Keller.
9:35 of 2nd period - Nico Hischier wins face-off versus Zemgus Girgensons in EDMONTON Oilers zone.
9:51 of 2nd period - Icing by Nico Hischier.
9:52 of 2nd period - Sean Couturier wins face-off versus Nico Hischier in EDMONTON Oilers zone.
10:49 of 2nd period - Minor Penalty to Nathan Beaulieu for Roughing.
10:50 of 2nd period - Zemgus Girgensons wins face-off versus Ryan O'Reilly in SAN JOSE Sharks zone.
12:30 of 2nd period - Off-side.
12:31 of 2nd period - Ryan O'Reilly wins face-off versus Derek Stepan in neutral zone.
12:57 of 2nd period - Icing by Nathan Beaulieu.
12:58 of 2nd period - Casey Cizikas wins face-off versus Erik Haula in SAN JOSE Sharks zone.
13:05 of 2nd period - Shot by Mackenzie Entwistle.
13:05 of 2nd period - Deflect By Yegor Sharangovich.
13:05 of 2nd period - Shot Misses the Net.
13:24 of 2nd period - Lucas Raymond is hit by Casey Cizikas and loses puck.
14:17 of 2nd period - Tony DeAngelo is hit by Rasmus Ristolainen.
14:34 of 2nd period - Anthony Cirelli is hit by Josh Anderson.
16:23 of 2nd period - Icing by Alexander Romanov.
16:24 of 2nd period - Ryan O'Reilly wins face-off versus Connor Brown in EDMONTON Oilers zone.
16:29 of 2nd period - Shot by Connor Brown.
16:29 of 2nd period - Shot Misses the Net.
16:31 of 2nd period - Shot by Erik Haula.
16:31 of 2nd period - Stopped by Juuse Saros without a rebound.
16:32 of 2nd period - Nico Hischier wins face-off versus Connor Brown in EDMONTON Oilers zone.
16:36 of 2nd period - Clayton Keller is hit by Erik Haula and loses puck.
16:45 of 2nd period - Nico Hischier is hit by Lucas Raymond and loses puck.
18:10 of 2nd period - Icing by Rasmus Sandin.
18:11 of 2nd period - Sean Couturier wins face-off versus Nico Hischier in EDMONTON Oilers zone.
18:12 of 2nd period - Shot by Cody Ceci.
18:12 of 2nd period - Shot Blocked by Jonas Siegenthaler.
18:32 of 2nd period - Shot by Mike Hoffman.
18:32 of 2nd period - Shot Hit the Post.
18:43 of 2nd period - Icing by Nico Hischier.
18:44 of 2nd period - Erik Haula wins face-off versus Nico Hischier in EDMONTON Oilers zone.
19:02 of 2nd period - Shot by Lucas Raymond.
19:02 of 2nd period - Stopped by Juuse Saros without a rebound.
19:03 of 2nd period - Zemgus Girgensons wins face-off versus Ryan O'Reilly in EDMONTON Oilers zone.
19:22 of 2nd period - Zemgus Girgensons is hit by Nikolaj Ehlers and loses puck.
19:54 of 2nd period - Christian Jaros is hit by Oliver Ekman-Larsson and loses puck.
Goals for this period are 0 for SAN JOSE Sharks vs 0 for EDMONTON Oilers .
Shots for this period are 5 for SAN JOSE Sharks vs 8 for EDMONTON Oilers .

3rd period


0:01 of 3rd period - Zemgus Girgensons wins face-off versus Ryan O'Reilly in neutral zone.
0:04 of 3rd period - Ryan O'Reilly is hit by Ondrej Palat and loses puck.
0:23 of 3rd period - Marcus Pettersson is hit by Dylan Strome and loses puck.
1:13 of 3rd period - Nico Hischier is hit by Rasmus Ristolainen and loses puck.
2:05 of 3rd period - Christian Jaros is hit by Mitch Marner and loses puck.
2:22 of 3rd period - Shot by Arthur Kaliyev.
2:22 of 3rd period - Shot Blocked by Mike Hoffman.
2:39 of 3rd period - Sean Couturier is hit by Rasmus Sandin and loses puck.
2:52 of 3rd period - Connor Brown is hit by Anthony Cirelli and loses puck.
3:15 of 3rd period - Shot by Ryan O'Reilly.
3:15 of 3rd period - Shot Misses the Net.
3:54 of 3rd period - Icing by Connor Brown.
3:55 of 3rd period - Casey Cizikas wins face-off versus Erik Haula in SAN JOSE Sharks zone.
3:55 of 3rd period - Casey Cizikas is hit by Vincent Desharnais.
4:26 of 3rd period - Minor Penalty to Vincent Desharnais for Roughing.
4:27 of 3rd period - Zemgus Girgensons wins face-off versus Nico Hischier in SAN JOSE Sharks zone.
4:33 of 3rd period - Icing by Roman Josi .
4:34 of 3rd period - Nico Hischier wins face-off versus Zemgus Girgensons in EDMONTON Oilers zone.
4:34 of 3rd period - Nico Hischier is hit by Ondrej Palat.
4:37 of 3rd period - Icing by Tony DeAngelo.
4:38 of 3rd period - Nico Hischier wins face-off versus Zemgus Girgensons in EDMONTON Oilers zone.
4:40 of 3rd period - Icing by Jack Quinn.
4:41 of 3rd period - Zemgus Girgensons wins face-off versus Nico Hischier in EDMONTON Oilers zone.
5:03 of 3rd period - Icing by Tony DeAngelo.
5:04 of 3rd period - Nico Hischier wins face-off versus Zemgus Girgensons in EDMONTON Oilers zone.
5:11 of 3rd period - Off-side.
5:12 of 3rd period - Zemgus Girgensons wins face-off versus Ryan O'Reilly in neutral zone.
5:50 of 3rd period - Shot by Oliver Ekman-Larsson.
5:50 of 3rd period - Shot Blocked by Nathan Beaulieu.
5:58 of 3rd period - Shot by Clayton Keller.
5:58 of 3rd period - Stopped by Brian Elliott without a rebound.
5:59 of 3rd period - Nico Hischier wins face-off versus Zemgus Girgensons in SAN JOSE Sharks zone.
6:52 of 3rd period - Minor Penalty to Tom Wilson for Goalie Interference.
6:53 of 3rd period - Ryan O'Reilly wins face-off versus Zemgus Girgensons in SAN JOSE Sharks zone.
6:54 of 3rd period - Shot by Nikolaj Ehlers.
6:54 of 3rd period - Shot Misses the Net.
6:56 of 3rd period - Shot by Nikolaj Ehlers.
6:56 of 3rd period - Stopped by Brian Elliott without a rebound.
6:57 of 3rd period - Zemgus Girgensons wins face-off versus Nico Hischier in SAN JOSE Sharks zone.
7:11 of 3rd period - Icing by Tony DeAngelo.
7:12 of 3rd period - Nico Hischier wins face-off versus Zemgus Girgensons in EDMONTON Oilers zone.
7:37 of 3rd period - Shot by Roman Josi .
7:37 of 3rd period - Stopped by Brian Elliott without a rebound.
7:38 of 3rd period - Zemgus Girgensons wins face-off versus Ryan O'Reilly in SAN JOSE Sharks zone.
7:49 of 3rd period - Shot by Nikolaj Ehlers.
7:49 of 3rd period - Stopped by Brian Elliott without a rebound.
7:50 of 3rd period - Zemgus Girgensons wins face-off versus Ryan O'Reilly in SAN JOSE Sharks zone.
8:12 of 3rd period - Josh Anderson is hit by Ryan O'Reilly and loses puck.
9:10 of 3rd period - Shot by Yegor Sharangovich.
9:10 of 3rd period - Shot Misses the Net.
9:53 of 3rd period - Arthur Kaliyev is hit by Vincent Desharnais and loses puck.
10:02 of 3rd period - Arthur Kaliyev is hit by Tom Wilson and loses puck.
10:37 of 3rd period - Shot by Zemgus Girgensons.
10:37 of 3rd period - Shot Misses the Net.
11:30 of 3rd period - Icing by Ryan O'Reilly.
11:31 of 3rd period - Michael McLeod wins face-off versus Ryan O'Reilly in EDMONTON Oilers zone.
11:38 of 3rd period - Shot by Brendan Perlini.
11:38 of 3rd period - Stopped by Juuse Saros without a rebound.
11:39 of 3rd period - Nico Hischier wins face-off versus Michael McLeod in EDMONTON Oilers zone.
11:50 of 3rd period - Christian Jaros is hit by Roman Josi and loses puck.
11:55 of 3rd period - Shot by Josh Anderson.
11:55 of 3rd period - Shot Misses the Net.
12:00 of 3rd period - Minor Penalty to Roman Josi for Hooking.
12:01 of 3rd period - Ryan O'Reilly wins face-off versus Zemgus Girgensons in EDMONTON Oilers zone.
12:06 of 3rd period - Shot by Derek Stepan.
12:06 of 3rd period - Shot Misses the Net.
12:10 of 3rd period - Shot by Derek Stepan.
12:10 of 3rd period - Stopped by Juuse Saros without a rebound.
12:11 of 3rd period - Ryan O'Reilly wins face-off versus Ondrej Palat in EDMONTON Oilers zone.
12:17 of 3rd period - Icing by Rasmus Ristolainen.
12:18 of 3rd period - Zemgus Girgensons wins face-off versus Ryan O'Reilly in SAN JOSE Sharks zone.
12:18 of 3rd period - Zemgus Girgensons is hit by Nikolaj Ehlers.
12:32 of 3rd period - Shot by Nikolaj Ehlers.
12:32 of 3rd period - Stopped by Brian Elliott with a rebound.
12:34 of 3rd period - Shot by Jonas Siegenthaler.
12:34 of 3rd period - Shot Blocked by Rasmus Ristolainen.
12:42 of 3rd period - Shot by Nikolaj Ehlers.
12:42 of 3rd period - Stopped by Brian Elliott with a rebound.
12:44 of 3rd period - Shot by Jonas Siegenthaler.
12:44 of 3rd period - Stopped by Brian Elliott without a rebound.
12:45 of 3rd period - Ryan O'Reilly wins face-off versus Sean Couturier in SAN JOSE Sharks zone.
12:46 of 3rd period - Shot by Nikolaj Ehlers.
12:46 of 3rd period - Shot Misses the Net.
12:48 of 3rd period - Shot by Nikolaj Ehlers.
12:48 of 3rd period - Goal by Nikolaj Ehlers - SAN JOSE Sharks : 2 - EDMONTON Oilers : 2.
12:49 of 3rd period - Sean Couturier wins face-off versus Ryan O'Reilly in neutral zone.
12:51 of 3rd period - Off-side.
12:52 of 3rd period - Zemgus Girgensons wins face-off versus Ryan O'Reilly in neutral zone.
13:21 of 3rd period - Shot by Derek Stepan.
13:21 of 3rd period - Shot Blocked by Jonas Siegenthaler.
13:25 of 3rd period - Shot by Derek Stepan.
13:25 of 3rd period - Stopped by Juuse Saros without a rebound.
13:26 of 3rd period - Sean Couturier wins face-off versus Ryan O'Reilly in EDMONTON Oilers zone.
13:35 of 3rd period - Shot by Christian Jaros.
13:35 of 3rd period - Shot Misses the Net.
14:06 of 3rd period - Icing by Tony DeAngelo.
14:07 of 3rd period - Nico Hischier wins face-off versus Zemgus Girgensons in EDMONTON Oilers zone.
14:21 of 3rd period - Icing by Tony DeAngelo.
14:22 of 3rd period - Nico Hischier wins face-off versus Erik Haula in EDMONTON Oilers zone.
14:22 of 3rd period - Nico Hischier is hit by Vincent Desharnais.
14:27 of 3rd period - Off-side.
14:28 of 3rd period - Zemgus Girgensons wins face-off versus Nico Hischier in neutral zone.
14:36 of 3rd period - Zemgus Girgensons is hit by Alexander Romanov and loses puck.
14:52 of 3rd period - Ondrej Palat is hit by Oliver Ekman-Larsson and loses puck.
15:09 of 3rd period - Shot by Derek Stepan.
15:09 of 3rd period - Stopped by Juuse Saros without a rebound.
15:10 of 3rd period - Ryan O'Reilly wins face-off versus Sean Couturier in EDMONTON Oilers zone.
15:18 of 3rd period - Icing by Mike Hoffman.
15:19 of 3rd period - Sean Couturier wins face-off versus Ryan O'Reilly in SAN JOSE Sharks zone.
15:19 of 3rd period - Sean Couturier is hit by Ryan O'Reilly.
15:22 of 3rd period - Minor Penalty to Nikolaj Ehlers for Tripping.
15:23 of 3rd period - Ryan O'Reilly wins face-off versus Sean Couturier in EDMONTON Oilers zone.
15:36 of 3rd period - Shot by Sean Couturier .
15:36 of 3rd period - Stopped by Juuse Saros without a rebound.
15:37 of 3rd period - Zemgus Girgensons wins face-off versus Ryan O'Reilly in EDMONTON Oilers zone.
16:41 of 3rd period - Icing by Sean Couturier .
16:42 of 3rd period - Dylan Strome wins face-off versus Sean Couturier in SAN JOSE Sharks zone.
16:42 of 3rd period - Dylan Strome is hit by Rasmus Ristolainen.
16:49 of 3rd period - Minor Penalty to Marcus Pettersson for Hooking.
16:50 of 3rd period - Zemgus Girgensons wins face-off versus Dylan Strome in SAN JOSE Sharks zone.
16:57 of 3rd period - Shot by Ondrej Palat.
16:57 of 3rd period - Goal by Ondrej Palat - SAN JOSE Sharks : 3 - EDMONTON Oilers : 2.
16:58 of 3rd period - Zemgus Girgensons wins face-off versus Dylan Strome in neutral zone.
17:00 of 3rd period - Rasmus Ristolainen is hit by Tony DeAngelo and loses puck.
17:09 of 3rd period - Shot by Ondrej Palat.
17:09 of 3rd period - Shot Misses the Net.
17:11 of 3rd period - Shot by Cody Ceci.
17:11 of 3rd period - Stopped by Juuse Saros without a rebound.
17:12 of 3rd period - Zemgus Girgensons wins face-off versus Dylan Strome in EDMONTON Oilers zone.
17:22 of 3rd period - Icing by Dylan Strome.
17:23 of 3rd period - Zemgus Girgensons wins face-off versus Ryan O'Reilly in EDMONTON Oilers zone.
17:24 of 3rd period - Shot by Ondrej Palat.
17:24 of 3rd period - Stopped by Juuse Saros without a rebound.
17:25 of 3rd period - Nico Hischier wins face-off versus Zemgus Girgensons in EDMONTON Oilers zone.
17:25 of 3rd period - Nico Hischier is hit by Zemgus Girgensons.
18:18 of 3rd period - Icing by Mitch Marner.
18:19 of 3rd period - Nico Hischier wins face-off versus Zemgus Girgensons in EDMONTON Oilers zone.
18:36 of 3rd period - Shot by Rasmus Sandin.
18:36 of 3rd period - Deflect By Clayton Keller.
18:36 of 3rd period - Stopped by Brian Elliott with a rebound.
18:38 of 3rd period - Shot by Rasmus Sandin.
18:38 of 3rd period - Stopped by Brian Elliott without a rebound.
18:39 of 3rd period - Zemgus Girgensons wins face-off versus Ryan O'Reilly in SAN JOSE Sharks zone.
19:00 of 3rd period - EDMONTON Oilers , Juuse Saros is pulled from the net.
19:04 of 3rd period - Shot by Yegor Sharangovich.
19:04 of 3rd period - Shot Blocked by Marcus Pettersson.
19:10 of 3rd period - Shot by Yegor Sharangovich.
19:10 of 3rd period - Stopped by Brian Elliott with a rebound.
19:12 of 3rd period - Shot by Oliver Ekman-Larsson.
19:12 of 3rd period - Shot Misses the Net.
19:14 of 3rd period - Shot by Mackenzie Entwistle.
19:14 of 3rd period - Shot Misses the Net.
19:16 of 3rd period - Shot by Alexander Romanov.
19:16 of 3rd period - Goal by Alexander Romanov - SAN JOSE Sharks : 3 - EDMONTON Oilers : 3.
19:16 of 3rd period - Juuse Saros from EDMONTON Oilers was sent back in the game.
19:17 of 3rd period - Erik Haula wins face-off versus Ryan O'Reilly in neutral zone.
19:23 of 3rd period - Connor Brown is hit by Jonas Siegenthaler and loses puck.
19:30 of 3rd period - Shot by Connor Brown.
19:30 of 3rd period - Stopped by Juuse Saros without a rebound.
19:31 of 3rd period - Zemgus Girgensons wins face-off versus Nico Hischier in EDMONTON Oilers zone.
19:31 of 3rd period - Zemgus Girgensons is hit by Roman Josi .
19:35 of 3rd period - Shot by Ondrej Palat.
19:35 of 3rd period - Shot Misses the Net.
19:37 of 3rd period - Shot by Ondrej Palat.
19:37 of 3rd period - Shot Misses the Net.
19:39 of 3rd period - Shot by Zemgus Girgensons.
19:39 of 3rd period - Stopped by Juuse Saros without a rebound.
19:40 of 3rd period - Nico Hischier wins face-off versus Zemgus Girgensons in EDMONTON Oilers zone.
19:49 of 3rd period - Shot by Mitch Marner.
19:49 of 3rd period - Shot Misses the Net.
19:51 of 3rd period - Shot by Clayton Keller.
19:51 of 3rd period - Stopped by Brian Elliott with a rebound.
19:53 of 3rd period - Shot by Mitch Marner.
19:53 of 3rd period - Shot Misses the Net.
Goals for this period are 1 for SAN JOSE Sharks vs 2 for EDMONTON Oilers .
Shots for this period are 10 for SAN JOSE Sharks vs 13 for EDMONTON Oilers .

Overtime #1


0:01 of 1st overtime period - Sean Couturier wins face-off versus Ryan O'Reilly in neutral zone.
0:59 of 1st overtime period - Off-side.
1:00 of 1st overtime period - Sean Couturier wins face-off versus Ryan O'Reilly in neutral zone.
1:15 of 1st overtime period - Shot by Brendan Perlini.
1:15 of 1st overtime period - Stopped by Juuse Saros without a rebound.
1:16 of 1st overtime period - Erik Haula wins face-off versus Dylan Strome in EDMONTON Oilers zone.
1:43 of 1st overtime period - Shot by Erik Haula.
1:43 of 1st overtime period - Stopped by Juuse Saros without a rebound.
1:44 of 1st overtime period - Mike Hoffman wins face-off versus Ryan O'Reilly in EDMONTON Oilers zone.
1:55 of 1st overtime period - Shot by Brendan Perlini.
1:55 of 1st overtime period - Shot Misses the Net.
4:09 of 1st overtime period - Shot by Clayton Keller.
4:09 of 1st overtime period - Stopped by Brian Elliott without a rebound.
4:10 of 1st overtime period - Sean Couturier wins face-off versus Ryan O'Reilly in SAN JOSE Sharks zone.
4:19 of 1st overtime period - Shot by Cody Ceci.
4:19 of 1st overtime period - Goal by Cody Ceci - SAN JOSE Sharks : 4 - EDMONTON Oilers : 3.
Goals for this period are 1 for SAN JOSE Sharks vs 0 for EDMONTON Oilers .
Shots for this period are 3 for SAN JOSE Sharks vs 1 for EDMONTON Oilers .